 Dungeon Crawl Stone Soup version 0.29-a0-284-gf9362112df (webtiles) character file.

Game seed: 15737314362208318301

100 horus123 the Conjurer (level 4, -5/24 HPs)
             Began as a Deep Elf Conjurer on Mar 20, 2022.
             Slain by an iguana (12 damage)
             ... on level 3 of the Dungeon.
             The game lasted 00:06:38 (2789 turns).

horus123 the Conjurer (Deep Elf Conjurer)           Turns: 2789, Time: 00:06:38

Health: -5/24      AC:  3    Str:  4    XL:     4   Next: 46%
Magic:  3/13       EV: 11    Int: 25    God:
Gold:   116        SH:  0    Dex: 13    Spells: 10/13 levels left

rFire   . . .      SeeInvis .   d - +0 rapier
rCold   + . .      Faith    .   (no shield)
rNeg    . . .      Spirit   .   j - +0 leather armour {rC+}
rPois   .          Reflect  .   (no helmet)
rElec   .          Harm     .   (no cloak)
rCorr   .          Rampage  .   (no gloves)
Will    +....                   (no boots)
Stlth   ++........              (no amulet)
HPRegen 0.08/turn               a - ring of willpower
MPRegen 0.13/turn               (no ring)

@: no status effects
A: no striking features
a: no special abilities


You were on level 3 of the Dungeon.
You visited 1 branch of the dungeon, and saw 3 of its levels.

You collected 116 gold pieces.

Inventory:

Hand Weapons
 d - a +0 rapier (weapon)
Missiles
 e - 3 poisoned darts
 f - 74 stones
Armour
 j - a +0 leather armour of cold resistance (worn)
Jewellery
 a - a ring of willpower (left hand)
Scrolls
 c - a scroll of summoning
 g - 2 scrolls of vulnerability
 k - a scroll of fog
 m - a scroll of teleportation
Potions
 b - 2 potions of magic
 h - a potion of heal wounds {unknown}
 i - 3 potions of curing


   Skills:
 - Level 2.4 Dodging
 - Level 2.4 Stealth
 - Level 5.0 Spellcasting
 + Level 5.5 Conjurations


You had 10 spell levels left.
You knew the following spells:

 Your Spells              Type           Power      Damage    Failure   Level
a - Magic Dart            Conj           100%       1d8       1%          1
b - Searing Ray           Conj           68%        2d6       2%          2

Your spell library contained the following spells:

 Spells                   Type           Power      Damage    Failure   Level
 Beastly Appendage        Tmut           12%        N/A       14%         1
 Dazzling Flash           Conj/Hex       40%        N/A       14%         3
 Wereblood                Tmut           6%         N/A       22%         2
 Spider Form              Tmut/Pois      6%         N/A       41%         3
 Fulminant Prism          Conj/Hex       10%        3d9       43%         4
 Iskenderun's Mystic Bla  Conj/Tloc      20%        2d6       43%         4


Dungeon Overview and Level Annotations

Branches:
Dungeon (3/15)

Altars:
Fedhas
Zin

Shops:
D:3 =


Message History

Aim: an iguana (100% to hit)
The magic dart hits the iguana.
The iguana is lightly wounded.
Casting: Magic Dart (safe; 1% risk of failure)
Confirm with . or Enter, or press ? or * to list all spells.
Aiming: Searing Ray (safe; 2% risk of failure)
Press: ? - help, Shift-Dir - straight line, f/p - iguana
Aim: an iguana (lightly wounded, 83% to hit)
The searing ray hits the iguana!
The iguana is heavily wounded. (Press . to maintain the ray.) Unknown command.
The searing ray hits the iguana.
The iguana is severely wounded.
Aiming: Magic Dart (safe; 1% risk of failure)
Press: ? - help, Q - select action, (/) - cycle Shift-Dir - straight line, f - lurking horror
Aim: a lurking horror (100% to hit)
The magic dart hits the lurking horror!
Your body is wracked with pain!
Unknown command.
Aiming: Magic Dart (safe; 1% risk of failure)
Press: ? - help, Q - select action, (/) - cycle Shift-Dir - straight line, f - iguana
Aim: an iguana (almost dead, 100% to hit)
The magic dart hits the iguana but does no damage.
The iguana is almost dead.
The iguana closely misses you.
Aiming: Magic Dart (safe; 1% risk of failure)
Press: ? - help, Q - select action, (/) - cycle Shift-Dir - straight line, f/p - iguana
Aim: an iguana (almost dead, 100% to hit)
The magic dart hits the iguana.
The iguana is almost dead.
The iguana bites you.
* * * LOW HITPOINT WARNING * * *
Aiming: Magic Dart (safe; 1% risk of failure)
Press: ? - help, Q - select action, (/) - cycle Shift-Dir - straight line, f/p - iguana
Aim: an iguana (almost dead, 100% to hit)
The magic dart hits the iguana but does no damage.
The iguana is almost dead.
The iguana bites you!
Ouch! That really hurt!
You die...

#. ...#. #... .
.... ... ##.
....#.. ...
..#.. #.#...!#
## #.#...#....
#..l..# #@#
..###.# #.##..#
# #.##..# ##
#.#####.##).#
..
#....#.##..##.#
.....##.....#
#.#........#
#.......####


You could see an iguana.

Vanquished Creatures
  An iguana (D:3)
  An adder (D:2)
  2 dart slugs
  6 endoplasms
  3 giant cockroaches
  2 goblins (D:1)
  4 hobgoblins
  9 jackals (D:1)
  3 quokkas
  7 ball pythons
  5 bats
  3 frilled lizards
  6 kobolds
  7 rats
  2 lurking horrors (D:3)
61 creatures vanquished.

Notes
Turn   | Place    | Note
-------+----------+-------------------------------------------
     0 | D:1      | horus123 the Deep Elf Conjurer began the quest for the Orb.
     0 | D:1      | Reached XP level 1. HP: 10/10 MP: 6/6
   259 | D:1      | Reached XP level 2. HP: 15/15 MP: 1/9
   330 | D:1      | Learned a level 2 spell: Searing Ray
   344 | D:1      | Found a faded altar of an unknown god.
   929 | D:1      | Reached XP level 3. HP: 18/19 MP: 4/11
  1000 | D:1      | Reached skill level 5 in Spellcasting
  1754 | D:2      | Found a blossoming altar of Fedhas.
  1818 | D:2      | Reached skill level 5 in Conjurations
  2458 | D:3      | Found Nahianymn's Jewellery Shoppe.
  2504 | D:3      | Reached XP level 4. HP: 24/24 MP: 5/13
  2578 | D:3      | Found a glowing silver altar of Zin.
  2789 | D:3      | Slain by an iguana

Illustrated notes

Levels and vault maps discovered:
D:1:      lightli_arrival_lavapool, layout_basic,
          ebering_ecumenical_altar_petrified
D:2:      layout_loops_ring, basic_altar
D:3:      layout_loops_ring, mainiacjoe_overflow_surrounded_room, serial_shops,
          shop, amcnicky_altar_lugonu_corruption

Skill      XL: |  1  2  3 |
---------------+----------+-----
Spellcasting   | 4 5 |  5.0
Conjurations   | 5 |  5.5
Dodging        | |  2.4
Stealth        | |  2.4

Action                   |  1- 3 |  4- 6 || total
-------------------------+-------+-------++-------
Melee: Rapier            |     3 |       ||     3
 Cast: Magic Dart        |    82 |    17 ||    99
       Searing Ray       |     1 |     1 ||     2
  Use: Scroll            |     4 |     2 ||     6
Armor: Robe              |     9 |       ||     9
Dodge: Dodged            |    15 |     1 ||    16

Table legend: (Time is in decaauts)
 A = Elapsed time spent in this place.
 B = Non-inter-level travel time spent in this place.
 C = Inter-level travel time spent in this place.
 D = Time resting spent in this place.
 E = Time spent auto-exploring this place.
 F = Levels seen in this place.
 G = Mean time per level.
                   A        B        C        D        E       F      G
               +--------+--------+--------+--------+--------+-----+--------+
         Total |   2788 |   2737 |     51 |    451 |   1964 |   3 |  929.3 |
       Dungeon |   2788 |   2737 |     51 |    451 |   1964 |   3 |  929.3 |
               +--------+--------+--------+--------+--------+-----+--------+

Top non-repeatable levels by time:
     D:1: 1697 daAuts
     D:2: 757 daAuts
     D:3: 333 daAuts
